 Dungeon Crawl Stone Soup version 0.25-a0-294-gea9b1ad378 (webtiles) character file.

Game seed: 6121698954554172805, levelgen mode: classic

1117 Borgoz the Slasher (level 8, -5/51 HPs)
             Began as a Gargoyle Berserker on Dec 19, 2019.
             Was an Elder of Trog.
             Engulfed by Pikel's negative energy (18 damage)
             ... on level 6 of the Dungeon.
             The game lasted 00:07:28 (6254 turns).

Borgoz the Slasher (Gargoyle Berserker)             Turns: 6254, Time: 00:07:28

Health: -5/51      AC:  9    Str: 21    XL:     8   Next: 34%
Magic:  8/8        EV: 13    Int:  8    God:    Trog [****..]
Gold:   334        SH:  0    Dex: 11    Spells: 7/7 levels left

rFire    . . .     SeeInvis .   y - +1 scimitar (holy)
rCold    . . .     Gourm    .   (no shield)
rNeg     + . .     Faith    .   b - +0 animal skin
rPois    ∞         Spirit   .   (no helmet)
rElec    +         Reflect  .   j - +0 cloak (curse)
rCorr    .         Harm     .   (no gloves)
MR       .....                  (no boots)
Stlth    +.........             (no amulet)
HPRegen  0.17/turn              (no ring)
MPRegen  0.11/turn              (no ring)

@: berserk cooldown, slowed, lightly drained, very slow
A: negative energy resistance 1, electricity resistance, unbreathing,
petrification resistance, rot immunity, AC +5
a: Berserk, Trog's Hand, Brothers in Arms, Renounce Religion


You were on level 6 of the Dungeon.
You worshipped Trog.
Trog was greatly pleased with you.
You were hungry.

You visited 1 branch of the dungeon, and saw 6 of its levels.

You collected 334 gold pieces.

Inventory:

Hand Weapons
 y - a +1 scimitar of holy wrath (weapon)
Armour
 b - a +0 animal skin (worn)
 j - a cursed +0 cloak (worn)
Wands
 n - a wand of flame (36)
 r - a wand of enslavement (13)
 C - a wand of paralysis (8)
Scrolls
 e - 9 scrolls of identify {unknown}
 f - a scroll of magic mapping {unknown}
 g - 4 scrolls of remove curse {unknown}
 h - a scroll of amnesia {unknown}
 i - 3 scrolls of enchant weapon {unknown}
 m - a scroll of noise {unknown}
 o - 2 scrolls of fog {unknown}
 q - 3 scrolls of enchant armour {unknown}
 s - 2 scrolls of immolation {unknown}
 x - a scroll of teleportation {unknown}
 A - a scroll of blinking {unknown}
Potions
 d - a potion of magic {unknown}
 k - a potion of haste {unknown}
 l - 3 potions of heal wounds {unknown}
 p - a potion of flight {unknown}
 t - a potion of curing {unknown}
 u - a potion of cancellation {unknown}
 v - a potion of lignification {unknown}
 w - 2 potions of brilliance {unknown}
 z - a potion of ambrosia {unknown}
Comestibles
 c - 17 rations


   Skills:
 + Level 5.7(5.5) Fighting
 * Level 6.2(6.0) Long Blades
 + Level 5.1(4.9) Armour
 + Level 3.8(3.6) Dodging


You had 7 spell levels left.
You didn't know any spells.
Your spell library was empty.

Dungeon Overview and Level Annotations

Branches:
Dungeon (6/15)             Temple (0/1) D:4

Altars:
Ashenzari
Dithmenos
Hepliaklqana
Wu Jian
Zin
Beogh

Annotations:
D:3 3 runed translucent doors, Borgoz's ghost, amateur GrFi
D:6 2 transporters, Pikel


Innate Abilities, Weirdness & Mutations

You are resistant to torment.
Your stone body is resilient. (AC +5)
You are immune to poison.
You resist negative energy. (rN+)
You are resistant to electric shocks. (rElec)
You can survive without breathing.
You are immune to petrification.
You are immune to rotting.


Message History

The slave hits you but does no damage.
Pikel zaps a wand.
Pikel creates a blast of poison gas!
Found an ornate altar of the Wu Jian Council.
Pikel is engulfed in poison gas.
Pikel is poisoned.
You hit Pikel.
Pikel is moderately wounded.
Pikel looks even sicker.
Pikel hits you but does no damage.
The slave is engulfed in poison gas.
The slave is poisoned.
Pikel is engulfed in poison gas.
Pikel looks even sicker.
Pikel zaps a wand.
Pikel creates a blast of negative energy!
The slave is engulfed in poison gas.
The slave looks even sicker.
You are engulfed in negative energy.
You resist. You partially resist.
You feel drained.
* * * LOW HITPOINT WARNING * * *
Pikel looks as sick as possible!
The slave is engulfed in poison gas.
The slave looks even sicker.
A worker ant comes into view.
You are engulfed in negative energy.
You resist. You partially resist.
You feel drained.
You die...

### ...a #...#### ....#
#..§§##....# #@##....#
#§##..$.# ### #K##....#
###########....#p##....##
#.............§§§§......#
#............##.##......#
#.......... #.. ##.....#
........... #... ##....#
≈≈≈.########.... ##...#


You could see Pikel, a slave and a worker ant (sleeping).

Vanquished Creatures
  A phantom (D:4)
  2 slaves (D:6)
  An ogre (D:4)
  A sky beast (D:5)
  Blork the orc (D:6)
  A scorpion (D:4)
  A howler monkey (D:5)
  3 orc priests
  A bullfrog skeleton (D:5)
  A hound (D:4)
  Crazy Yiuf (D:3)
  2 iguanas
  3 orc wizards
  Jessica (D:3)
  2 worker ants
  A hound zombie (D:5)
  A hound skeleton (D:4)
  2 worker ant zombies
  8 gnolls
  4 adders
  A shadow imp (D:6)
  2 oozes
  An adder skeleton (D:2)
  A worm (D:3)
  4 dart slugs
  3 leopard geckos
  20 orcs
  2 giant cockroaches
  9 goblins
  9 hobgoblins
  10 jackals
  2 quokkas
  2 ball pythons
  4 bats
  5 frilled lizards
  A jackal skeleton (D:4)
  4 kobolds
  A leopard gecko skeleton (D:5)
  2 quokka skeletons (D:5)
  11 rats
  A fungus (D:3)
133 creatures vanquished.

Vanquished Creatures (others)
  2 plants (D:6)
2 creatures vanquished.

Grand Total: 135 creatures vanquished

Notes
Turn   | Place    | Note
-------+----------+-------------------------------------------
     0 | D:1      | Borgoz the Gargoyle Berserker began the quest for the Orb.
     0 | D:1      | Reached XP level 1. HP: 14/14 MP: 1/1
   312 | D:1      | Reached XP level 2. HP: 13/19 MP: 2/2
   314 | D:1      | Reached skill level 3 in Long Blades
   656 | D:1      | Reached XP level 3. HP: 21/23 MP: 3/3
   824 | D:1      | Reached ** piety under Trog
  1167 | D:1      | Reached XP level 4. HP: 9/29 MP: 4/4
  1168 | D:1      | HP: 1/43 [gnoll/+0 whip (8)]
  2474 | D:3      | Reached XP level 5. HP: 33/33 MP: 5/5
  2538 | D:3      | Reached skill level 4 in Long Blades
  2663 | D:3      | Noticed Jessica
  2674 | D:3      | Killed Jessica
  3172 | D:3      | Found a runed translucent gate.
  3173 | D:3      | Found a runed translucent gate.
  3173 | D:3      | Identified the +5 whip "Diefeloc" {freeze, MR++ Str+4}
  3173 | D:3      | Identified the +4 scale mail of Distant Shores {Str+2}
  3173 | D:3      | Noticed Borgoz's ghost (amateur GrFi)
  3174 | D:3      | Found a runed translucent gate.
  3180 | D:3      | Found a roughly hewn altar of Beogh.
  3460 | D:3      | Found a runed translucent door.
  3461 | D:3      | Noticed Crazy Yiuf
  3476 | D:3      | Killed Crazy Yiuf
  3476 | D:3      | Reached XP level 6. HP: 32/39 MP: 6/6
  3655 | D:4      | Noticed a phantom
  3684 | D:4      | Killed a phantom
  3684 | D:4      | Reached XP level 7. HP: 32/44 MP: 7/7
  3849 | D:3      | Reached *** piety under Trog
  4082 | D:4      | Reached skill level 5 in Long Blades
  4457 | D:4      | Reached skill level 5 in Fighting
  4590 | D:4      | Found a shadowy altar of Dithmenos.
  4892 | D:4      | Found a staircase to the Ecumenical Temple.
  4983 | D:5      | Entered Level 5 of the Dungeon
  5042 | D:5      | Found a hazy altar of Hepliaklqana.
  5242 | D:5      | Reached XP level 8. HP: 45/50 MP: 8/8
  5321 | D:5      | Reached **** piety under Trog
  5510 | D:5      | Reached skill level 6 in Long Blades
  5703 | D:5      | Found a shattered altar of Ashenzari.
  5800 | D:6      | Found a transporter.
  5822 | D:6      | Found a glowing silver altar of Zin.
  5915 | D:6      | Noticed Blork the orc
  5926 | D:6      | Reached skill level 5 in Armour
  5927 | D:6      | Killed Blork the orc
  6055 | D:6      | Found a transporter.
  6063 | D:6      | Identified the ring "Vikhlain" {+Blink rF- rN+ Int+4 Dex+2}
  6225 | D:6      | Noticed Pikel
  6250 | D:6      | Found an ornate altar of the Wu Jian Council.
  6254 | D:6      | Engulfed by Pikel's negative energy

Levels and vault maps discovered:
D:1:      shiori_shiawase, layout_rooms, serial_curves, eino_curves_02,
          eino_curves_03, eino_curves_02, eino_curves_02
D:2:      layout_rooms, first_ration, chequers_serial_rivers_small_3
D:3:      layout_basic, biasface_ghost_orc_armoury, uniq_crazy_yiuf_cottage,
          uniq_jessica
D:4:      layout_basic, minmay_temple_entry_offerings, serial_glass,
          glass_columns_a, glass_columns_b, glass_columns_a, glass_columns_a,
          minmay_ruined_shrine
D:5:      layout_cave_pools, lemuel_doored_altar, lemuel_coloured_pillars_altar
D:6:      lemuel_upstairs_altar, layout_basic, nicolae_overflow_crystal_walls,
          lemuel_round_altar, gammafunk_ghost_gnarly_gnolls, uniq_pikel,
          uniq_blork_the_orc

Skill      XL: |  1  2  3  4  5  6  7  8 |
---------------+-------------------------+-----
Long Blades    | 3 4 5 6 |  6.2
Dodging        | 2 3 |  3.8
Armour         | 3 4 5 |  5.1
Fighting       | 4 5 |  5.7

Action                   |  1- 3 |  4- 6 |  7- 9 || total
-------------------------+-------+-------+-------++-------
Melee: Falchion          |    87 |   176 |   177 ||   440
       Scimitar          |       |       |    46 ||    46
Invok: Berserk           |     1 |     2 |     3 ||     6
 Stab: Sleeping          |       |     1 |       ||     1
  Eat: Chunk             |     1 |    10 |     8 ||    19
       Ration            |       |       |     1 ||     1
Armor: Animal skin       |    34 |    62 |   100 ||   196
Dodge: Dodged            |    67 |   108 |   193 ||   368
       Rpst.: Falchion   |    24 |    37 |    46 ||   107
       Scimitar          |       |       |    11 ||    11

Table legend:
 A = Non-vault XP
 B = Vault XP
 C = Vault XP percentage of total XP
 D = Non-vault monster count
 E = Vault monster count
 F = Vault count percentage of total count
                 A         B        C        D         E       F
            +---------+---------+-------+---------+---------+-------
      Total |    1387 |     210 |  13.1 |     122 |       8 |   6.2
            +---------+---------+-------+---------+---------+-------
        D:1 |      94 |       0 |   0.0 |      32 |       0 |   0.0
        D:2 |      51 |       0 |   0.0 |      13 |       0 |   0.0
        D:3 |     177 |      76 |  30.0 |      26 |       2 |   7.1
        D:4 |     607 |      47 |   7.2 |      27 |       5 |  15.6
        D:5 |     417 |       0 |   0.0 |      21 |       0 |   0.0
        D:6 |      41 |      87 |  68.0 |       3 |       1 |  25.0
            +---------+---------+-------+---------+---------+-------
